[Event "Chhattisgarh Masters GM 2022"]
[Site "Chhattisgarh"]
[Date "2022.09.27"]
[Round "9.18"]
[White "Laddha, Shubh Jayesh"]
[Black "Kumar, Gaurav"]
[Result "1-0"]
[ECO "C55"]
[WhiteElo "2248"]
[BlackElo "2073"]
[Annotator "TA"]
[PlyCount "66"]
[EventDate "2022.09.19"]
[EventCountry "IND"]
[SourceTitle "playchess.com"]
[Source "ChessBase"]
[SourceQuality "1"]
[TimeControl "5400+30"]

1. e4 e5 2. Nf3 Nc6 3. Bc4 Nf6 4. d3 Be7 5. O-O O-O 6. Re1 d6 7. a4 Na5 8. Ba2 {[%emt 0:00:04] C55: Two Knights: 4 d3, 4 d4 exd4 5 e5 and Max Lange Attack.} c5 9. c3 Nc6 10. Na3 {[%emt 0:00:05] White is slightly better.} h6 11. Bd2 a6 12. h3 Re8 13. Nc4 Be6 14. Ne3 {[%emt 0:05:52] [#]} d5 $146 (14... Bxa2 $11 15. Rxa2 d5) ({Predecessor:} 14... Bxa2 15. Rxa2 Bf8 16. Nh2 d5 17. Nhg4 Nxg4 18. Qxg4 dxe4 19. dxe4 Nb4 20. cxb4 Qxd2 {1-0 (40) Alekseenko,K (2650)-Lomasov,S (2542) Yaroslavl 2019}) 15. exd5 $16 Nxd5 16. Nc4 (16. Ng4 $1 $14) 16... f6 $11 17. a5 Qd7 (17... Bf8 $11) 18. d4 $1 $14 cxd4 19. cxd4 Rad8 $1 (19... exd4 $2 20. Nb6 Ne3 21. Nxd7 $18) (19... Nxd4 $2 20. Nxd4 Bf7 {[#]} 21. Rxe5 $1 $18 ) 20. dxe5 f5 21. Qe2 Bc5 22. Rad1 Qf7 ({Black should try} 22... Qe7 $14) 23. Nd6 $1 $16 Bxd6 24. exd6 Rxd6 25. Ne5 Nxe5 ({Better is} 25... Qc7) 26. Qxe5 Rdd8 (26... Rd7 $16) 27. Bc3 $18 Kh7 {[%emt 0:01:20] [#]} 28. Rxd5 $1 Bxd5 29. Bxd5 Rxe5 30. Bxf7 {[%emt 0:00:04] This bishop pair is nice.} Rxe1+ 31. Bxe1 Rd1 32. Kf1 Rb1 33. b3 {[%emt 0:01:09] Bd5 is the strong threat.} g6 $2 {[%emt 0:00:08] Weighted Error Value: White=0.08 (flawless) /Black=0.24 (precise)} (33... Rc1 34. Bc4 Rc2) 1-0

[Event "Chhattisgarh Masters GM 2022"]
[Site "Chhattisgarh"]
[Date "2022.09.27"]
[Round "9.19"]
[White "Singh, Arvinder Preet"]
[Black "Masango, Spencer"]
[Result "1-0"]
[ECO "C80"]
[WhiteElo "2007"]
[BlackElo "2192"]
[Annotator "TA"]
[PlyCount "63"]
[EventDate "2022.09.19"]
[EventCountry "IND"]
[SourceTitle "playchess.com"]
[Source "ChessBase"]
[SourceQuality "1"]
[TimeControl "5400+30"]

1. e4 e5 2. Nf3 Nc6 3. Bb5 a6 4. Ba4 Nf6 5. O-O Nxe4 6. d4 b5 7. Bb3 d5 8. Nxe5 Nxe5 9. dxe5 Be6 10. Nd2 {[%emt 0:00:40] C80: Open Ruy Lopez: Sidelines and 9 Nbd2.} Nc5 11. c3 Nxb3 12. Nxb3 {[%emt 0:00:03] The position is equal.} c5 13. Be3 {[%emt 0:02:33] [#]} Qc8 $146 ({Predecessor:} 13... Rc8 14. f4 g6 15. Qe1 Be7 16. Rd1 a5 17. Qf2 Qc7 18. Nd2 b4 19. h3 O-O {½-½ (32) Gruber,R (2005)-Boda,A (1914) LSS email 2013}) 14. f4 Be7 15. Qf3 g6 16. Qf2 {[%emt 0:00:06][%cal Re3c5] White is more active.} c4 17. Nd4 Bf5 ({Better is} 17... b4 $14) 18. Nxf5 $16 Qxf5 19. Bc5 {[%emt 0:00:43] Strongly threatening Bxe7.} Qe6 20. Rad1 Rd8 21. Bxe7 Qxe7 22. f5 O-O 23. Qg3 (23. Qd4 $142) 23... Kh8 {[%emt 0:06:29] [#]} (23... Rfe8 $16) 24. f6 $1 $36 {[%emt 0:00:48][%mdl 2048] Black is under strong pressure.} Qc5+ {[%emt 0:02:36] [#]} 25. Rd4 $1 Rfe8 26. Qg5 Kg8 $2 (26... b4 27. Qh6 Qf8 28. Qxf8+ Rxf8) 27. Rf3 {[%emt 0:00:35] White wants to mate with Rh3.} (27. Qh6 Qf8 28. Qf4 Rd7 $16) 27... Re6 28. Rh3 {[%emt 0:07:16] Qh6 would kill now.} (28. Qh6 Qf8 29. Qf4 b4 $14) 28... Qf8 29. Rdh4 {[%emt 0:02:42] White mates.} ({Less strong is} 29. Qh4 h6 $18) 29... Qc5+ 30. Kf1 Kf8 31. Rxh7 Ke8 {[%emt 0:00:08] [#]} 32. Rxf7 $3 {[%emt 0:02:11][%mdl 512] Weighted Error Value: White=0.06 (flawless) /Black=0.49} 1-0

[Event "Chhattisgarh Masters GM 2022"]
[Site "Chhattisgarh"]
[Date "2022.09.27"]
[Round "9.21"]
[White "Arhan Chethan Anand"]
[Black "Ankitha Goud Palle"]
[Result "1-0"]
[ECO "C10"]
[WhiteElo "2155"]
[BlackElo "1990"]
[Annotator "TA"]
[PlyCount "59"]
[EventDate "2022.09.19"]
[EventCountry "IND"]
[SourceTitle "playchess.com"]
[Source "ChessBase"]
[SourceQuality "1"]
[TimeControl "5400+30"]

1. e4 e6 2. d4 d5 3. Nc3 dxe4 4. Nxe4 Nf6 5. Nxf6+ Qxf6 6. Nf3 h6 7. Bd3 Bd6 8. Qe2 Nc6 9. c3 Bd7 10. O-O O-O-O {[%emt 0:06:31] [#] C10: French with 3 Nc3: Unusual Black 3rd moves and 3...dxe4.} (10... a5 $14) 11. b4 $1 $16 g5 12. b5 Ne7 {[%emt 0:04:24] White is clearly better.} 13. c4 {[%emt 0:04:02][%cal Bc3c4,Bc4c5][%mdl 32] Prevents Nd5.} Nf5 14. Bb2 {[%emt 0:03:12] c5 is the strong threat.} g4 15. Ne5 {[%emt 0:01:05] [#]} Rhg8 $146 (15... Bxe5 $16 {keeps fighting.} 16. dxe5 (16. Qxe5 Qxe5 17. dxe5 Rhg8 $14) 16... Qg5) ({Predecessor:} 15... Bxe5 16. dxe5 Qe7 17. Bxf5 exf5 18. e6 Qxe6 19. Qxe6 Bxe6 20. Bxh8 Rxh8 21. Rac1 Rd8 {½-½ (71) Prathiba,Y (2191)-Elezi,L (2058) Philadelphia 2014}) 16. c5 $18 Bxe5 17. dxe5 ({Not} 17. Qxe5 Qxe5 18. dxe5 Ne7 $14) 17... Qg5 18. a4 (18. c6 $18 {is the precise move to win.}) 18... Nh4 $2 (18... Kb8 $16 19. Be4 Bc8) 19. Kh1 {[%emt 0:03:40][%cal Oc5c6] Threatens to win with c6!} Qh5 $2 (19... Kb8 20. Be4 c6) 20. Be4 {[%emt 0:01:30] A strong pair of Bishops.} f5 (20... Rg5 $142 21. c6 g3 22. cxd7+ Rxd7 23. Qxh5 Rxh5 24. fxg3 Nf5) 21. exf6 Be8 22. c6 Bg6 23. cxb7+ Kb8 24. b6 {[%emt 0:01:13] Intending bxc7+ and mate.} Bxe4 25. bxc7+ Kxc7 26. Qxe4 {[%emt 0:01:07] Rfc1+ would kill now.} Rd5 27. Qh7+ {[%emt 0:01:40] White mates.} Rd7 28. Rac1+ Kxb7 29. Qxd7+ Kb8 {[%emt 0:00:27] [#]} 30. Be5+ $1 {[%emt 0:00:05] Black got outplayed after the opening.  Weighted Error Value: White=0.29 (precise) /Black=0.73} 1-0

[Event "Chhattisgarh Masters GM 2022"]
[Site "Chhattisgarh"]
[Date "2022.09.27"]
[Round "9.22"]
[White "Vinod Kumar Sharma"]
[Black "Tiwari, Arjun"]
[Result "0-1"]
[ECO "B33"]
[WhiteElo "2143"]
[BlackElo "2034"]
[Annotator "TA"]
[PlyCount "106"]
[EventDate "2022.09.19"]
[EventCountry "IND"]
[SourceTitle "playchess.com"]
[Source "ChessBase"]
[SourceQuality "1"]
[TimeControl "5400+30"]

1. e4 c5 2. Nf3 Nc6 3. d4 cxd4 4. Nxd4 e5 5. Nf3 Nf6 6. Nc3 Bb4 7. Bc4 Nxe4 {[%emt 0:08:24] B33: Sicilian: Pelikan and Sveshnikov Variations.} 8. Qd5 Nd6 9. Bb3 ({Avoid the trap} 9. Nxe5 $2 Qe7 10. O-O Qxe5 $19) 9... Qa5 {[%emt 0:01:23] The position is equal.} 10. O-O Bxc3 11. bxc3 (11. Qxd6 $14 Bb4 12. Qd3) 11... Qxd5 $15 12. Bxd5 {[%emt 0:00:08][%cal Of3e5] [#]} f6 $146 ({Predecessor:} 12... O-O 13. Ba3 Nb5 14. Bxf8 Kxf8 15. Bxc6 dxc6 16. Nxe5 Nxc3 17. Rfe1 f6 18. Nc4 b5 {1-0 (47) Cristofari,A (2091)-Battesti,S (1864) Corsico 2004}) 13. Re1 Nb5 14. Bb2 Nc7 15. Bb3 (15. c4) (15. c4 $15) 15... d5 $17 16. Nd4 g5 17. Ba3 Kd8 (17... Na5 $17 18. f3 Nxb3 19. cxb3 Kf7) 18. Ne2 {[%emt 0:06:01] [#]} (18. Nxc6+ bxc6 19. c4) (18. Nxc6+ $11 bxc6 19. c4) 18... Be6 $1 {[%emt 0:02:59] aiming for ...a5.} 19. Rad1 {[%emt 0:01:29] [#]} Kc8 $1 20. g3 $2 {[%emt 0:01:29] This costs White the game.} (20. Rb1 $17) 20... a5 $19 21. c4 dxc4 22. Ba4 b5 23. Rd6 Nd8 24. Nc3 bxa4 25. Nxa4 Nb5 26. Nb6+ Kb7 27. Nxa8 {[%emt 0:02:17][%cal Oe1b1] Strongly threatening Rb1!} Nxd6 28. Bxd6 Kxa8 29. Be7 Nf7 30. Bxf6 Re8 31. c3 Bf5 32. f3 h5 33. Kf2 Re6 34. Bg7 g4 35. f4 exf4 36. Rxe6 Bxe6 37. gxf4 Nd6 38. Be5 Nf5 39. Bc7 a4 40. a3 h4 {[%emt 0:00:23][%cal Bh5h4,Bh4h3][%mdl 32] ( -> ...Kb7)} 41. Bd8 h3 42. Kg1 Bd5 43. Bb6 Kb7 44. Bf2 Kc6 (44... Bg2 $142 45. Bc5 Kc6 46. Bb4 Kd5 47. Kf2 Be4 48. Ba5 g3+ 49. Kg1 Ne3 50. f5 Kc6 51. Bd8 Ng4 52. Bc7 Kxc7 53. Kf1 gxh2 54. Ke1 h1=Q+ 55. Kd2 h2 56. Ke2 Qg2+ 57. Ke1 h1=Q#) 45. Ba7 Bf3 {[%emt 0:00:15] Black mates.} 46. Kf2 Kd5 47. Bb8 Ke4 48. Be5 Kd3 49. Bf6 g3+ 50. Kg1 g2 51. Kf2 {[%emt 0:00:28] [#]} Ng3 $1 52. Bd4 Ne2 53. Kxf3 Nxd4+ {[%emt 0:00:05] Weighted Error Value: White=0.68/Black=0.15 (very precise)} 0-1

[Event "Chhattisgarh Masters GM 2022"]
[Site "Chhattisgarh"]
[Date "2022.09.27"]
[Round "9.24"]
[White "Vignesh B"]
[Black "Pattnayak Nilsu"]
[Result "1-0"]
[ECO "C00"]
[WhiteElo "2083"]
[BlackElo "2002"]
[Annotator "TA"]
[PlyCount "79"]
[EventDate "2022.09.19"]
[EventCountry "IND"]
[SourceTitle "playchess.com"]
[Source "ChessBase"]
[SourceQuality "1"]
[TimeControl "5400+30"]

1. Nf3 e6 2. e4 d5 3. Nc3 d4 4. Ne2 c5 5. c3 dxc3 6. Nxc3 {[%emt 0:00:32] C00: French: Unusual White 2nd moves.} Nc6 {[%emt 0:00:00] Against d4} 7. Bb5 Bd7 8. O-O {[%emt 0:05:21] The position is equal.} Bd6 {[%emt 0:00:00] [#]} (8... Nge7 $11) 9. Bxc6 $146 ({Predecessor:} 9. d4 cxd4 10. Bxc6 Bxc6 11. Nxd4 Rc8 12. Nxc6 Rxc6 13. Nb5 Bb8 14. Qa4 Nf6 15. Nd4 Qc7 16. g3 Nxe4 {1-0 (34) Laurent,J (2291)-Geirnaert,S (2356) Belgium 2011}) 9... Bxc6 10. d4 Ne7 11. Be3 cxd4 12. Qxd4 O-O 13. Rfd1 Bc7 (13... Nc8) (13... Nc8 $1 $11) 14. Qb4 $1 $16 Ba5 15. Qa3 {[%emt 0:01:28] White has more active pieces. The black rooks are badly placed.} (15. Rxd8 Bxb4 16. Rxa8 Rxa8) (15. Rxd8 $6 Bxb4 16. Rxa8 Rxa8 $11) 15... Qc7 16. Bc5 (16. b4 Bb6 17. b5) ({White has to play} 16. b4 $1 $16 Bb6 17. b5 Bxe3 18. fxe3) 16... Bxc3 $11 17. Bd6 Bxb2 18. Qxb2 (18. Bxc7 $2 {is the wrong capture.} Bxa3 19. Re1 Rac8 $19) 18... Qd8 19. Rd4 Re8 (19... f6 $1 $11) 20. Be5 $1 $36 {[%emt 0:03:44][%mdl 2048] White is on the roll.} Qa5 {[%emt 0:00:00] [#]} 21. Bxg7 {[%emt 0:01:07][%cal Og7h8][%mdl 512] Black must now prevent Bh8!} Ng6 {[%emt 0:00:00] Prevents Bh8. And now ...e5 would win.} 22. Bf6 {[%emt 0:05:35] Strongly threatening e5.} Qh5 (22... Rac8 $142) 23. e5 (23. Re1 $1 $16) 23... Bd5 ({Black should play} 23... Bxf3 $14 24. gxf3 Qxf3) 24. Qd2 ({White should try} 24. Re1 $18) 24... Rec8 $2 (24... Bxf3 $11 {and Black has nothing to worry.} 25. Qe3 Bxg2 26. Kxg2 Rac8) 25. Re1 {[%emt 0:01:03][%cal Ba1e1,Be1e4,Be4g4][%mdl 32] Hoping for Ng5.} Rc6 $2 (25... Bxf3 26. gxf3 b5) 26. h4 $18 {[%emt 0:01:25] g4 is the strong threat.} Bxf3 27. gxf3 h6 28. Ree4 Kh7 29. Rg4 Qf5 $2 {[%emt 0:00:15] [#]} (29... Rcc8 30. Rd7 Rf8) 30. Rd8 $2 (30. Rxg6 $1 $18 Qxg6+ 31. Rg4) 30... Qb1+ $1 $11 (30... Rxd8 $2 31. Qxd8 h5 32. Qd7 $1 Rc1+ 33. Kh2 Qxe5+ 34. Bxe5 $18) 31. Kh2 Rc1 $1 32. Qxc1 {[%emt 0:00:29] Really sharp!} (32. Rxa8 $2 {leads to mate.} Rh1+ 33. Kg3 Qg1#) 32... Qxc1 33. Rxa8 {[%emt 0:00:04][%cal Oa8h8] White wants to mate with Rh8+!} h5 $1 34. Rg5 Qf4+ 35. Kg1 Qxf3 36. Rd8 Kh6 $2 {[%emt 0:02:06][%mdl 8192] [#]} (36... Qe2 $11) 37. Rg8 $1 $18 {[%emt 0:00:24][%cal Og5g6] Threatening mate with R5xg6+!} Qd1+ 38. Kh2 {[%emt 0:00:06][%cal Og5g6] White threatens R5xg6+! and mate.} Qf3 {[%emt 0:00:11] [#]} 39. R5xg6+ $1 Kh7 40. R6g7+ {[%emt 0:00:06] Weighted Error Value: White=0.33/Black=0.62} 1-0